 Dungeon Crawl Stone Soup version 0.21-a0-582-g1b93aee (webtiles) character file.

644 tidbits the Digger (level 7, -3/51 HPs)
             Began as a Gnoll Earth Elementalist on Dec 19, 2017.
             Slain by an orc priest
             ... wielding a +0 short sword
              (7 damage)
             ... on level 9 of the Dungeon.
             The game lasted 00:08:39 (972 turns).

tidbits the Digger (Gnoll Earth Elementalist)        Turns: 972, Time: 00:08:39

Health: -3/51      AC:  3    Str: 12 (15) XL:     7   Next: 52%
Magic:  15/15      EV: 14    Int: 22 (25) God:
Gold:   172        SH:  0    Dex: 13 (15) Spells: 14/17 levels left

rFire    . . .     SeeInvis .     - Unarmed
rCold    . . .     Gourm    .   (no shield)
rNeg     . . .     Faith    .   c - +0 robe
rPois    .         Spirit   .   (no helmet)
rElec    .         Reflect  .   (no cloak)
rCorr    .         Harm     .   E - +0 pair of gloves
MR       .....     Rnd*Tele +   (no boots)
Stlth    +++.......             v - amulet of magic regeneration
HPRegen  0.17/turn              (no ring)
MPRegen  0.39/turn              o - ring of teleportation (curse)

@: mighty, brilliant
A: distributed training, fangs 1, strong nose
a: no special abilities


You were on level 9 of the Dungeon.
You were not hungry.

You visited 1 branch of the dungeon, and saw 9 of its levels.

You collected 172 gold pieces.

Inventory:

Hand Weapons
 f - a +0 whip
 k - a +0 short sword
 m - a +0 dagger
 p - a +0 hunting sling
 F - a cursed -1 shortbow
Missiles
 b - 44 stones (quivered)
 h - 53 arrows
 s - 42 bolts
Armour
 c - a +0 robe (worn)
 x - a +0 scale mail
 E - a +0 pair of gloves (worn)
Jewellery
 j - an uncursed ring of stealth
   (You found it on level 2 of the Dungeon)
 o - a cursed ring of teleportation (right hand)
   (You found it on level 2 of the Dungeon)
 v - an amulet of magic regeneration (around neck)
   (You found it on level 5 of the Dungeon)
 B - an uncursed ring of fire
   (You found it on level 8 of the Dungeon)
Wands
 r - a wand of polymorph (24)
Scrolls
 i - a scroll of immolation {unknown}
 l - 2 scrolls of teleportation {unknown}
 n - 2 scrolls of magic mapping {unknown}
 q - a scroll of enchant weapon {unknown}
 u - a scroll of vulnerability {unknown}
 w - a scroll of identify {unknown}
 y - 2 scrolls of remove curse {unknown}
 C - a scroll of amnesia {unknown}
Potions
 g - a potion of curing
 z - a potion of mutation {unknown}
 A - a potion of brilliance
 D - a potion of haste {unknown}
Books
 e - a book of Geomancy

   Spells                             Type                      Level
   a - Sandblast                      Earth                        1
   b - Passwall                       Transmutation/Earth          2
   c - Stone Arrow                    Conjuration/Earth            3
   d - Petrify                        Transmutation/Earth          4
   e - Lee's Rapid Deconstruction     Earth                        5
Comestibles
 d - 9 rations


   Skills:
 + Level 2.5 Fighting
 + Level 2.5 Short Blades
 + Level 2.5 Long Blades
 + Level 2.5 Axes
 + Level 2.5 Maces & Flails
 + Level 2.5 Polearms
 + Level 2.5 Staves
 + Level 2.5 Slings
 + Level 2.5 Bows
 + Level 2.5 Crossbows
 + Level 2.5 Throwing
 + Level 2.5 Armour
 + Level 5.2 Dodging
 + Level 4.9 Stealth
 + Level 2.5 Shields
 + Level 2.5 Unarmed Combat
 + Level 5.6 Spellcasting
 + Level 2.0 Conjurations
 + Level 2.0 Hexes
 + Level 2.0 Charms
 + Level 2.0 Summonings
 + Level 2.0 Necromancy
 + Level 2.0 Translocations
 + Level 3.0 Transmutations
 + Level 2.0 Fire Magic
 + Level 2.0 Ice Magic
 + Level 2.0 Air Magic
 + Level 5.8 Earth Magic
 + Level 2.0 Poison Magic
 + Level 2.7 Invocations
 + Level 2.5 Evocations


You had 14 spell levels left.
You knew the following spells:

 Your Spells              Type           Power        Failure   Level  Hunger
a - Sandblast             Erth           #####.       1%          1    None
w - Passwall              Tmut/Erth      #####.....   1%          2    None


Dungeon Overview and Level Annotations

Branches:
Dungeon (9/15)
 Temple: D:4-7         Lair: D:8-11         Orc: D:9-12

Altars:
Yredelemnul

Annotations:
D:7 Dowan, Duvessa


Innate Abilities, Weirdness & Mutations

Your experience applies equally to all skills.
You have very sharp teeth.
Your uncanny sense of smell can sniff out nearby items.


Message History

Aim: a worker ant (heavily wounded)
The blast of sand hits the worker ant.
You kill the worker ant!
b - 22 stones You feel sick.
You feel sick.
Found 25 stones. 2 orcs come into view.
You feel sick.
The orc shouts! x2; You hear a bark!
You hear a shout!
The orc moves out of view.
A hound comes into view.
You feel sick.
The hound moves out of view.
A kobold comes into view.
You feel sick.
You see here 25 stones.
b - 47 stones (gained 25)
You feel sick.
The hound bites you but does no damage. x2
Casting: Sandblast
Confirm with . or Enter, or press ? or * to list all spells.
Aiming: Sandblast
Press: ? - help, Shift-Dir - straight line, f - orc
Aim: an orc, wielding a whip The blast of sand hits the orc.
You kill the orc!
b - 46 stones The hound bites you but does no damage.
The orc closely misses you.
An orc comes into view. It is wielding a falchion.
Casting: Sandblast
Confirm with . or Enter, or press ? or * to list all spells.
Aiming: Sandblast
Press: ? - help, Shift-Dir - straight line, f - orc
Aim: an orc The blast of sand hits the orc.
You kill the orc!
b - 45 stones The orc shouts!
The hound bites you.
* * * LOW HITPOINT WARNING * * *
The hound closely misses you.
Unknown command.
A kobold comes into view. It is wielding a dagger.
You feel sick. The hound barely misses you.
The kobold moves out of view.
The kobold hits you.
* * * LOW HITPOINT WARNING * * *
An orc priest comes into view. It is wielding a short sword.
Things that are here:
a whip; an orc corpse
Casting: Sandblast
Confirm with . or Enter, or press ? or * to list all spells.
Aiming: Sandblast
Press: ? - help, Shift-Dir - straight line, f - kobold
Aim: a kobold The blast of sand hits the kobold.
You kill the kobold!
b - 44 stones The orc priest shouts!
You hear a shout!
The hound misses you. The hound barely misses you.
The orc priest calls down the wrath of Beogh upon you.
Beogh smites you!
* * * LOW HITPOINT WARNING * * *
The kobold shouts!
You feel better. The hound bites you.
* * * LOW HITPOINT WARNING * * *
A big kobold and an orc come into view.
The orc is wielding a flail of crushing.
The hound pauses to sniff the ground.
The hound bites you.
* * * LOW HITPOINT WARNING * * *
It was a potion of brilliance.
You feel clever all of a sudden. The hound barely misses you.
The kobold throws a stone.
The stone hits you.
* * * LOW HITPOINT WARNING * * *
The orc hits you with a falchion.
* * * LOW HITPOINT WARNING * * *
The orc priest miscasts a cantrip.
Wield which item (- for none, * to show all)? (? for menu, Esc to quit)
You are now empty-handed.
The hound bites you but does no damage.
Unknown command.
Unknown command.
It was a potion of degeneration.
There was something very wrong with that liquid.
You feel weakened.
You feel dopey.
You feel clumsy. The hound bites you.
* * * LOW HITPOINT WARNING * * *
The kobold throws a stone.
The stone hits you but does no damage. The orc closely misses you.
It was a potion of might.
You feel very mighty all of a sudden. The hound barely misses you.
The kobold throws a stone.
The stone barely misses you. The orc misses you. The hound misses you.
A scorpion comes into view.
You barely miss the orc priest. The hound barely misses you.
The orc priest looks encouraged for a moment.
The orc closely misses you.
You punch the orc priest! You bite the orc priest.
The orc priest is almost dead.
The hound barely misses you.
The orc priest hits you with a short sword!
You die...

#'#####.#####...# ###
#.....#.#####.#.#
#JJJ###...#.#......<#.#
#J+.#...#.######(##.#
#JJJ###.<........#.# .#
### #####.<####.#.##.#
#..†.......^......
#######....##.#.##.#
#.h@............# #
#.ooK##.....#..#.
#....#......##. .#
...K.o.#......##. ..
###....#......##. ##.
....s.......## .
...#.....#####
...#.....#


You could see a big kobold, a scorpion, a hound, an orc priest, 2 orcs and a
kobold.

Vanquished Creatures
  2 ogres
  A black bear (D:8)
  A centaur (D:9)
  A bullfrog (D:8)
  A scorpion (D:9)
  An iguana (D:5)
  3 worker ants
  A gnoll (D:7)
  2 adders
  A shadow imp (D:7)
  2 oozes
  2 worms (D:2)
  A dart slug (D:1)
  2 leopard geckos
  7 orcs
  A bat (D:1)
  5 giant cockroaches
  3 hobgoblins
  3 jackals (D:7)
  2 quokkas (D:2)
  A ball python (D:2)
  A frilled lizard (D:5)
  3 goblins (D:2)
  A kobold (D:9)
  2 rats
50 creatures vanquished.

Notes
Turn   | Place    | Note
-------+----------+-------------------------------------------
     0 | D:1      | tidbits the Gnoll Earth Elementalist began the quest for the Orb.
     0 | D:1      | Reached XP level 1. HP: 13/13 MP: 6/6
    21 | D:1      | Reached skill level 2 in Transmutations
    21 | D:1      | Reached XP level 2. HP: 19/19 MP: 3/7
   163 | D:2      | Found a basalt altar of Yredelemnul.
   217 | D:2      | Reached XP level 3. HP: 25/25 MP: 2/9
   259 | D:2      | Reached skill level 5 in Spellcasting
   338 | D:2      | Learned a level 2 spell: Passwall
   350 | D:2      | Reached skill level 1 in Invocations
   395 | D:4      | Reached skill level 1 in Fighting
   395 | D:4      | Reached skill level 1 in Short Blades
   395 | D:4      | Reached skill level 1 in Long Blades
   395 | D:4      | Reached skill level 1 in Axes
   395 | D:4      | Reached skill level 1 in Maces & Flails
   395 | D:4      | Reached skill level 1 in Polearms
   395 | D:4      | Reached skill level 1 in Staves
   395 | D:4      | Reached skill level 1 in Slings
   395 | D:4      | Reached skill level 1 in Bows
   395 | D:4      | Reached skill level 1 in Crossbows
   395 | D:4      | Reached skill level 1 in Throwing
   395 | D:4      | Reached skill level 1 in Armour
   395 | D:4      | Reached skill level 1 in Shields
   395 | D:4      | Reached skill level 1 in Unarmed Combat
   395 | D:4      | Reached skill level 1 in Evocations
   421 | D:5      | Entered Level 5 of the Dungeon
   422 | D:5      | Reached XP level 4. HP: 32/32 MP: 9/11
   481 | D:5      | Reached skill level 1 in Conjurations
   481 | D:5      | Reached skill level 1 in Hexes
   481 | D:5      | Reached skill level 1 in Charms
   481 | D:5      | Reached skill level 1 in Summonings
   481 | D:5      | Reached skill level 1 in Necromancy
   481 | D:5      | Reached skill level 1 in Translocations
   481 | D:5      | Reached skill level 1 in Fire Magic
   481 | D:5      | Reached skill level 1 in Ice Magic
   481 | D:5      | Reached skill level 1 in Air Magic
   481 | D:5      | Reached skill level 1 in Poison Magic
   511 | D:5      | Reached XP level 5. HP: 15/37 MP: 3/12
   656 | D:5      | Noticed an ogre
   666 | D:5      | Killed an ogre
   666 | D:5      | Reached XP level 6. HP: 16/44 MP: 10/13
   747 | D:6      | Reached skill level 5 in Dodging
   747 | D:6      | Reached skill level 2 in Invocations
   816 | D:7      | Reached skill level 2 in Fighting
   816 | D:7      | Reached skill level 2 in Short Blades
   816 | D:7      | Reached skill level 2 in Long Blades
   816 | D:7      | Reached skill level 2 in Axes
   816 | D:7      | Reached skill level 2 in Maces & Flails
   816 | D:7      | Reached skill level 2 in Polearms
   816 | D:7      | Reached skill level 2 in Staves
   816 | D:7      | Reached skill level 2 in Slings
   816 | D:7      | Reached skill level 2 in Bows
   816 | D:7      | Reached skill level 2 in Crossbows
   816 | D:7      | Reached skill level 2 in Throwing
   816 | D:7      | Reached skill level 2 in Armour
   816 | D:7      | Reached skill level 2 in Shields
   816 | D:7      | Reached skill level 2 in Unarmed Combat
   816 | D:7      | Reached skill level 2 in Evocations
   822 | D:7      | Noticed Duvessa
   825 | D:7      | Noticed Dowan
   847 | D:8      | Noticed a black bear
   850 | D:8      | Killed a black bear
   850 | D:8      | Reached XP level 7. HP: 22/50 MP: 12/15
   912 | D:9      | Reached skill level 2 in Conjurations
   912 | D:9      | Reached skill level 2 in Hexes
   912 | D:9      | Reached skill level 2 in Charms
   912 | D:9      | Reached skill level 2 in Summonings
   912 | D:9      | Reached skill level 2 in Necromancy
   912 | D:9      | Reached skill level 2 in Translocations
   912 | D:9      | Reached skill level 3 in Transmutations
   912 | D:9      | Reached skill level 2 in Fire Magic
   912 | D:9      | Reached skill level 2 in Ice Magic
   912 | D:9      | Reached skill level 2 in Air Magic
   912 | D:9      | Reached skill level 2 in Poison Magic
   964 | D:9      | HP: 1/51 [orc priest/divine providence (8)]
   969 | D:9      | HP: 3/51 [hound (2)]
   972 | D:9      | Slain by an orc priest

Vault maps used:
D:1:      ldierk_walled_garden
D:2:      kennysheep_vampire_church, first_ration, yredelemnul_altar_generic
D:4:      lemuel_crystal_altar, patterned_corridor, uniq_edmund
D:5:      kennysheep_mini
D:6:      minmay_temple_entry_crystal_x, basic_altar, uniq_pikel,
          uniq_eustachio, uniq_sigmund
D:7:      kennysheep_mini_moat, serial_column_ruins, column_ruins_open_tiny,
          column_ruins_corridor_straight, column_ruins_open_tiny, uniq_duvessa
D:8:      minitemple, serial_shops, shop_fountains
D:9:      grunt_lair_entry_orc_guard_hut, hangedman_little_slice_of_home

Skill      XL: |  1  2  3  4  5  6  7 |
---------------+----------------------+-----
Transmutations | 2 3 |  3.0
Spellcasting   | 5 |  5.6
Invocations    | 1 2 |  2.7
Fighting       | 1 2 |  2.5
Short Blades   | 1 2 |  2.5
Long Blades    | 1 2 |  2.5
Axes           | 1 2 |  2.5
Maces & Flails | 1 2 |  2.5
Polearms       | 1 2 |  2.5
Staves         | 1 2 |  2.5
Slings         | 1 2 |  2.5
Bows           | 1 2 |  2.5
Crossbows      | 1 2 |  2.5
Throwing       | 1 2 |  2.5
Armour         | 1 2 |  2.5
Shields        | 1 2 |  2.5
Unarmed Combat | 1 2 |  2.5
Evocations     | 1 2 |  2.5
Conjurations   | 1 2 |  2.0
Hexes          | 1 2 |  2.0
Charms         | 1 2 |  2.0
Summonings     | 1 2 |  2.0
Necromancy     | 1 2 |  2.0
Translocations | 1 2 |  2.0
Fire Magic     | 1 2 |  2.0
Ice Magic      | 1 2 |  2.0
Air Magic      | 1 2 |  2.0
Poison Magic   | 1 2 |  2.0
Dodging        | 5 |  5.2
Stealth        | |  4.9
Earth Magic    | |  5.8

Action                   |  1- 3 |  4- 6 |  7- 9 || total
-------------------------+-------+-------+-------++-------
Melee: Short sword       |     4 |     6 |       ||    10
       Bite              |       |     1 |     1 ||     2
       Unarmed           |       |       |     2 ||     2
Throw: Throwing net      |       |     1 |       ||     1
 Cast: Sandblast         |    33 |    38 |    15 ||    86
       Passwall          |       |     2 |     3 ||     5
  Use: Potion            |       |     1 |     4 ||     5
 Stab: Sleeping          |     2 |     2 |       ||     4
Armor: Robe              |     1 |     1 |     5 ||     7
Dodge: Dodged            |     7 |    18 |    23 ||    48

Table legend:
 A = Spawn XP
 B = Non-spawn XP
 C = Spawn XP percentage of total XP
 D = Spawn monster count
 E = Non-spawn monster count
 F = Spawn count percentage of total count
 G = Total turns spent on level
                    A         B        C        D         E        F      G
               +---------+---------+-------+---------+---------+-------+---------
         Total |       0 |     920 |   0.0 |       0 |      50 |   0.0 |   972
               +---------+---------+-------+---------+---------+-------+---------
           D:1 |       0 |      22 |   0.0 |       0 |       8 |   0.0 |   118
           D:2 |       0 |      43 |   0.0 |       0 |      14 |   0.0 |   250
           D:4 |       0 |      16 |   0.0 |       0 |       2 |   0.0 |    49
           D:5 |       0 |     248 |   0.0 |       0 |      11 |   0.0 |   292
           D:6 |       0 |     123 |   0.0 |       0 |       2 |   0.0 |    46
           D:7 |       0 |      33 |   0.0 |       0 |       5 |   0.0 |    77
           D:8 |       0 |     212 |   0.0 |       0 |       2 |   0.0 |    42
           D:9 |       0 |     223 |   0.0 |       0 |       6 |   0.0 |    94
               +---------+---------+-------+---------+---------+-------+---------

Table legend:
 A = Turns spent in this place as a percentage of turns spent in the entire game.
 B = Non-inter-level travel turns spent in this place as a percentage of non-inter-level travel turns spent in the entire game.
 C = Inter-level travel turns spent in this place as a percentage of turns spent in this place.
 D = Turns resting spent in this place as a percentage of non-inter-level travel turns spent in this place.
 E = Turns spent auto-exploring this place as a percentage of non-inter-level travel turns spent in this place.
 F = Non-inter-level travel turns spent in this place divided by the number of levels of this place that you've seen.
                   A       B       C       D       E      F
               +-------+-------+-------+-------+-------+----------------------
         Total | 100.0 | 100.0 |   0.0 |   0.0 |   0.0 | 108.0
       Dungeon | 100.0 | 100.0 |   0.0 |   0.0 |   0.0 | 108.0
               +-------+-------+-------+-------+-------+----------------------

Table legend:
 A = Kills in this place as a percentage of kills in entire the game.
 B = Kills by you in this place as a percentage of kills by you in the entire game.
 C = Kills by friends in this place as a percentage of kills by friends in the entire game.
 D = Other kills in this place as a percentage of other kills in the entire game.
 E = Experience gained in this place as a percentage of experience gained in the entire game.
 F = Experience gained in this place divided by the number of levels of this place that you have seen.
                   A       B       C       D       E      F
               +-------+-------+-------+-------+-------+----------------------
         Total | 100.0 | 100.0 |   N/A |   N/A | 100.0 | 102.2
       Dungeon | 100.0 | 100.0 |   N/A |   N/A | 100.0 | 102.2
               +-------+-------+-------+-------+-------+----------------------

Vault maps used:
D:1:      ldierk_walled_garden
D:2:      kennysheep_vampire_church, first_ration, yredelemnul_altar_generic
D:4:      lemuel_crystal_altar, patterned_corridor, uniq_edmund
D:5:      kennysheep_mini
D:6:      minmay_temple_entry_crystal_x, basic_altar, uniq_pikel,
          uniq_eustachio, uniq_sigmund
D:7:      kennysheep_mini_moat, serial_column_ruins, column_ruins_open_tiny,
          column_ruins_corridor_straight, column_ruins_open_tiny, uniq_duvessa
D:8:      minitemple, serial_shops, shop_fountains
D:9:      grunt_lair_entry_orc_guard_hut, hangedman_little_slice_of_home
